 Dungeon Sprint DCSS version 0.30-a0-862-g1aabd4f9c5 (webtiles) character file.

Game seed: 16309395292972043307

62 Demosthentine the Shield-Bearer (level 4, -1/35 (39) HPs)
             Began as a Formicid Fighter on Mar 9, 2023.
             Slain by a necrophage (4 damage)
             ... in the Dungeon (Sprint II: "The Violet Keep of Menkaure").
             The game lasted 00:00:07 (22 turns).

Demosthentine the Shield-Bearer (Formicid Fighter)    Turns: 22, Time: 00:00:07

HP:   -1/35 (39)    AC:  7    Str: 22    XL:     4   Next: 28%
MP:   4/4           EV:  9    Int:  8    God:
Gold: 0             SH:  5    Dex: 13    Spells: 3/3 levels left

rFire   . . .      SeeInvis +    a - +0 war axe
rCold   . . .      Faith    .    c - +0 buckler
rNeg    . . .      Spirit   .    b - +0 scale mail
rPois   .          Reflect  .    (helmet unavailable)
rElec   .          Rampage  .    (no cloak)
rCorr   .                        (no gloves)
Will    .....                    (no boots) Stlth
                                 (no amulet)
HPRegen 0.25/turn                (no ring)
MPRegen 0.09/turn                (no ring)

@: heavily drained
A: permanent stasis, dig shafts and tunnels, antennae 3, four strong arms
a: Dig


You were in the Dungeon.
You visited 1 branch

Inventory:

Hand Weapons
 a - a +0 war axe (weapon)
Armour
 b - a +0 scale mail (worn)
 c - a +0 buckler (worn)
Scrolls
 h - a scroll of blinking
Potions
 d - a potion of might
 e - a potion of curing
 f - a potion of heal wounds
 g - 2 potions of magic


   Skills:
 + Level 5.4 Fighting
 + Level 3.6 Axes
 + Level 5.4 Armour
 + Level 6.5 Shields


You had 3 spell levels left.
You didn't know any spells.
Your spell library was empty.

Dungeon Overview and Level Annotations

Branches:
Dungeon (1/1)

Altars:


Innate Abilities, Weirdness & Mutations

You cannot be hasted, slowed, berserked, paralysed or teleported.
You can dig through walls and to a lower floor.
You have a pair of large antennae on your head. (SInv)
Your four strong arms can wield two-handed weapons with a shield.


Message History

* * * LOW HITPOINT WARNING * * *
You closely miss the necrophage.
The necrophage is moderately damaged.
The necrophage hits you.
* * * LOW HITPOINT WARNING * * *
You feel drained.
Unknown command.
You hit the necrophage but do no damage.
The necrophage is moderately damaged.
The necrophage hits you but does no damage.
Unknown command.
You closely miss the necrophage.
The necrophage is moderately damaged.
The necrophage hits you but does no damage.
You block the necrophage's attack.
You hit the necrophage.
The necrophage is heavily damaged.
You block the necrophage's attack.
Unknown command.
You hit the necrophage but do no damage.
The necrophage is heavily damaged.
You block the necrophage's attack.
You slash the necrophage!
The necrophage is severely damaged.
The necrophage hits you but does no damage.
The necrophage barely misses you.
Unknown command.
You hit the necrophage.
The necrophage is severely damaged.
The necrophage closely misses you.
Unknown command.
You hit the necrophage.
The necrophage is almost destroyed.
The necrophage hits you but does no damage.
The necrophage hits you.
* * * LOW HITPOINT WARNING * * *
You hit the necrophage.
The necrophage is almost destroyed.
The necrophage hits you.
You die...

{ { { ##
##.# #+# {
#..n##.##{
#nn@<.+
#...##.##
{ ##.# #+#
{ ## { { {


You could see 3 necrophages.

Vanquished Creatures
  A necrophage (D)
1 creature vanquished.

Notes
Turn   | Place    | Note
-------+----------+-------------------------------------------
     0 | D        | Demosthentine the Formicid Fighter began the quest for the
                  | Orb.
     0 | D        | Reached XP level 1. HP: 18/18 MP: 1/1
     1 | D        | Noticed a necrophage
     1 | D        | Noticed a necrophage
     1 | D        | Noticed a necrophage
     1 | D        | Noticed a necrophage
    11 | D        | Killed a necrophage
    12 | D        | Reached skill level 5 in Fighting
    12 | D        | Reached skill level 5 in Armour
    12 | D        | Reached skill level 6 in Shields
    12 | D        | Reached XP level 2. HP: 14/27 MP: 2/2
    12 | D        | Reached XP level 3. HP: 17/33 MP: 3/3
    12 | D        | Reached XP level 4. HP: 20/39 MP: 4/4
    22 | D        | Slain by a necrophage

Illustrated notes

Levels and vault maps discovered:
D:        the_violet_keep_of_menkaure [sprint2_stairs_cluster_1,
          sprint2_shoproom, sprint2_temple, sprint2_basic_supplies,
          sprint2_obstacle_1, sprint2_obstacle_5, sprint2_obstacle_6,
          sprint2_obstacle_2, sprint2_obstacle_7, sprint2_timed_cluster_1,
          sprint2_smallroom_cluster_1, sprint2_smallroom_final_cluster_1,
          sprint2_transparent_cluster_1, sprint2_second_timed_cluster_1,
          sprint2_sniper_area_1, sprint2_heavy_combat_area_1,
          sprint2_mutation_trap_area_1, sprint2_forest_area_1,
          sprint2_light_combat_area_1, sprint2_behind_water_1,
          sprint2_near_end_vault_1]

Skill      XL: |  1 |
---------------+----+-----
Fighting       | 5 |  5.4
Axes           | 3 |  3.6
Armour         | 5 |  5.4
Shields        | 6 |  6.5

Action                     |  1- 3 |  4- 6 || total
---------------------------+-------+-------++-------
  Melee: War axe           |     8 |    11 ||    19
 Armour: Scale mail        |     8 |     5 ||    13
  Dodge: Dodged            |     7 |     2 ||     9
  Block: Buckler           |     5 |     3 ||     8

Table legend: (Time is in decaauts)
 A = Elapsed time spent in this place.
 B = Non-inter-level travel time spent in this place.
 C = Inter-level travel time spent in this place.
 D = Time resting spent in this place.
 E = Time spent auto-exploring this place.
 F = Levels seen in this place.
 G = Mean time per level.
                   A        B        C        D        E       F      G
               +--------+--------+--------+--------+--------+-----+--------+
         Total |     29 |     29 |      0 |      0 |      0 |   1 |   29.0 |
       Dungeon |     29 |     29 |      0 |      0 |      0 |   1 |   29.0 |
               +--------+--------+--------+--------+--------+-----+--------+

Top non-repeatable levels by time:
       D: 29 daAuts
